 Dungeon Crawl Stone Soup version 0.31-a0-210-gccc998df9b (webtiles) character file.

Game seed: 5789606455290329179

1262 kae the Changer (level 8, 0/64 HPs)
             Began as a Demonspawn Transmuter on June 29, 2023.
             Slain by an orc wizard
             ... wielding a +0 dagger
              (4 damage)
             ... on level 5 of the Dungeon.
             The game lasted 00:05:25 (4671 turns).

kae the Changer (Demonspawn Transmuter)             Turns: 4671, Time: 00:05:25

Health: 0/64       AC:  7    Str: 12    XL:     8   Next: 27%
Magic:  6/14       EV: 10    Int: 16    God:
Gold:   131        SH:  0    Dex: 13    Spells: 0/15 levels left

rFire   x .          .
                       - Unarmed
rCold   + + +        (shield currently unavailable)
rNeg    + . .        a - melded +1 robe
rPois   +            (helmet currently unavailable)
rElec   .            (cloak currently unavailable)
rCorr   .            (gloves currently unavailable)
SInv    +            (boots currently unavailable)
Will    .....        (no amulet)
Stlth   +            N - ring of positive energy
HPRegen 0.30/turn    v - ring of see invisible
MPRegen 0.14/turn

%: no passive effects
@: ice-form, wereblooded, invisible
A: freezing attack, amphibious, boosted hp, large, (large bone plates 3),
(weakness stinger 1)
a: End Transformation


You were on level 5 of the Dungeon.
You were a creature of crystalline ice.
You visited 1 branch of the dungeon, and saw 5 of its levels.

You collected 131 gold pieces.


Innate Abilities, Weirdness & Mutations

You are a creature of crystalline ice.
You have a powerful freezing melee attack.
You are amphibious.
Your maximum health is increased.
Your armour is entirely melded.
You are incapable of wielding weapons or throwing items.
((You are completely covered in large bone plates. (SH +8)))
((You have a small tail.))


   Skills:
 - Level 1.0 Fighting
 - Level 1.7 Dodging
 + Level 4.8 Unarmed Combat
 - Level 4.0 Spellcasting
 * Level 5.9 Transmutations
 * Level 4.0 Ice Magic
 - Level 2.0 Poison Magic


You couldn't memorise any spells.
You knew the following spells:

 Your Spells              Type           Power      Damage    Failure   Level
a - Beastly Appendage     Tmut           44%        N/A       1%          1
b - Wereblood             Tmut           22%        N/A       2%          2
c - Spider Form           Tmut/Pois      15%        N/A       10%         3
d - Ice Form              Ice/Tmut       19%        N/A       22%         4
e - Blade Hands           Tmut           11%        N/A       38%         5

Your spell library contained the following spells:

 Spells                   Type           Power      Damage    Failure   Level
 Shock                    Conj/Air       12%        1d3       17%         1
 Call Canine Familiar     Summ           3%         N/A       45%         3
 Portal Projectile        Hex/Tloc       6%         N/A       45%         3
 Tukima's Dance           Hex            3%         N/A       45%         3
 Leda's Liquefaction      Hex/Erth       1%         N/A       86%         4

Inventory:

Missiles
 c - 6 poisoned darts
 e - 36 stones
 j - 7 boomerangs
Armour
 a - a +1 robe (melded)
Magical Staves
 o - a staff of death {!a}
   (You found it on level 3 of the Dungeon)
Jewellery
 v - a ring of see invisible (right front paw)
   (You found it on level 3 of the Dungeon)
 C - a ring of protection from cold
   (You found it on level 1 of the Dungeon)
 N - a ring of positive energy (left front paw)
   (You found it on level 1 of the Dungeon)
Wands
 k - a wand of polymorph (9)
   (You found it on level 3 of the Dungeon)
Scrolls
 d - a scroll of enchant armour
 f - a scroll of torment {!r}
 g - 4 scrolls of teleportation {@r4}
Potions
 b - a potion of lignification {!q}
 i - a potion of curing {unknown}
 m - a potion of haste {@q3}
 q - a potion of mutation {!q}

Dungeon Overview and Level Annotations

Branches:
Dungeon (5/15) Zot: 25342
 Temple: D:4-7

Altars:

***,,,,#...K.,,,,,,#.....,,,+....
,,,,,,,#.....,,,,,##....,,,,#....
,*,,,,,#.....,,,,,+....#*#+##....
,*,,,,,*.....,,,,,#....# #.##....
,*,,,,,*,#...,,,,,#....# #.##....
,*,***##.#...######....###.......
,,,,,,.........o..?...........>##
,,,,,*#####...)oo................
,,,,,+,......##KY...###........##
,*,,,**#.....*#KoK....#...!.../#
,*,,,* #.....*#.......#........##
**,,,* #..............#..........
***** #####.........#"..#.$.....
**** #.........#...#....... ,,,*
*****#.........#...#.......
,,,****,,,....##.....#.,.#.......
,,,+,,+,,.....,#.(...+..,+..!....


You could see an orc priest (unable to see you), an orc wizard (unable to see
you), 2 orcs and 3 kobolds.


Message History

You closely miss the kobold brigand.
You feel sick. The kobold hits you but does no damage.
The kobold brigand hits you with a +0 club. 😮 HP[-6]
You take 6 damage, and now have 34/64 hp.
You barely miss the kobold.
You feel sick. The kobold barely misses you.
The kobold hits you with a +0 whip.
* * * LOW HITPOINT WARNING * * *
The kobold brigand hits you with a +0 club.
* * * LOW HITPOINT WARNING * * *
Your magical contamination has completely faded away. 😨 HP[-4]
You take 4 damage, and now have 30/64 hp.
You barely miss the kobold.
You feel sick. The kobold closely misses you.
The kobold hits you with a +0 short sword.
* * * LOW HITPOINT WARNING * * *
The kobold brigand hits you but does no damage. 😨 HP[-2]
You take 2 damage, and now have 28/64 hp.
You hit the kobold brigand. You freeze the kobold brigand.
You feel sick. The kobold closely misses you.
The kobold brigand hits you but does no damage.
The kobold closely misses you. 😨 HP[-1]
You take 1 damage, and now have 27/64 hp.
You punch the kobold! You freeze the kobold.
You feel a bit better.
You kill the kobold!
You feel sick. 😨 HP[+2]
You regained 2 hp, and now have 29/64 hp.
You barely miss the kobold brigand.
You feel sick.
You are no longer poisoned.
The kobold hits you but does no damage. 😨 MP[+1]
You hit the orc. You freeze the orc.
The kobold brigand hits you but does no damage.
The orc hits you with a +0 club.
* * * LOW HITPOINT WARNING * * *
The kobold barely misses you. 😨 HP[-2]
You take 2 damage, and now have 27/64 hp.
You punch the kobold brigand! You freeze the kobold brigand.
The kobold brigand hits you with a +0 club.
* * * LOW HITPOINT WARNING * * *
The kobold hits you but does no damage. 😨 HP[-1]
You take 1 damage, and now have 26/64 hp.
You hit the kobold brigand but do no damage.
The kobold brigand hits you with a +0 club.
* * * LOW HITPOINT WARNING * * *
The kobold closely misses you. 😨 HP[-5]
You take 5 damage, and now have 21/64 hp.
You punch the kobold brigand! You freeze the kobold brigand.
The orc wizard barely misses you. The kobold hits you with a +0 whip.
* * * LOW HITPOINT WARNING * * *
The kobold brigand hits you with a +0 club.
* * * LOW HITPOINT WARNING * * *
The kobold barely misses you. 😱 HP[-9]
You take 9 damage, and now have 12/64 hp.
You barely miss the kobold brigand. The kobold hits you but does no damage.
The kobold brigand hits you with a +0 club.
* * * LOW HITPOINT WARNING * * *
The orc wizard hits you but does no damage. 😱 HP[-2]
You take 2 damage, and now have 10/64 hp.
You punch the kobold brigand! You freeze the kobold brigand.
You feel a bit better.
You kill the kobold brigand!
The kobold hits you with a +0 dagger.
* * * LOW HITPOINT WARNING * * *
The kobold hits you with a +0 short sword.
* * * LOW HITPOINT WARNING * * *
The kobold completely misses you.
Your Ice Magic skill increases to level 4! 😱 HP[-1]
You take 1 damage, and now have 9/64 hp.
The kobold attacks as you move away! The kobold hits you but does no damage.
You howl as the wereblood boils in your veins!
The kobold closely misses you.
The orc wizard hits you but does no damage.
The orc closely misses you. 😱 HP[+1]
You fade into invisibility!
You hear the rusting of a drain nearby.
The kobold hits you with a +0 short sword.
* * * LOW HITPOINT WARNING * * *
The kobold hits you with a +0 whip.
* * * LOW HITPOINT WARNING * * *
The orc wizard hits you but does no damage.
The orc barely misses you. 😱 HP[-6] MP[+1]
You take 6 damage, and now have 4/64 hp.
Unknown command.
Unknown command.
You strike the helpless orc wizard from behind!
You punch the orc wizard! You freeze the orc wizard.
The orc wizard hits you with a +0 dagger.
You die...

Skill      XL: |  1  2  3  4  5  6  7  8 |
---------------+-------------------------+-----
Transmutations | 2 3 4 5 |  5.9
Unarmed Combat | 3 4 |  4.8
Poison Magic   | 1 2 |  2.0
Spellcasting   | 3 4 |  4.0
Ice Magic      | 1 3 4 |  4.0
Fighting       | |  1.0
Dodging        | |  1.7

Action                     |  1- 3 |  4- 6 |  7- 9 || total
---------------------------+-------+-------+-------++-------
  Melee: Unarmed           |    85 |   150 |    68 ||   303
         Headbutt          |    15 |     5 |       ||    20
         Kick              |    16 |    16 |       ||    32
         Tailslap          |       |     7 |     1 ||     8
         Punch             |       |     2 |       ||     2
   Cast: Beastly Appendage |    18 |    16 |       ||    34
         Spider Form       |     1 |    13 |     5 ||    19
         Wereblood         |       |     2 |     4 ||     6
         Ice Form          |       |     1 |     4 ||     5
Ability: End Transformatio |       |       |     1 ||     1
    Use: Scroll            |     5 |     4 |     3 ||    12
         Potion            |     2 |       |     1 ||     3
   Stab: Invisible         |       |       |     1 ||     1
 Armour: Robe              |    14 |    20 |     1 ||    35
         Skin              |     1 |     6 |    22 ||    29
  Dodge: Dodged            |    46 |   101 |    45 ||   192
  Block: Other             |     6 |     9 |     3 ||    18

Levels and vault maps discovered:
D:1:      roderic_crop_circles_arrival_small, layout_basic,
          shapermc_ecumenical_altar_rom_forum
D:2:      layout_loops_corners, nicolae_grassy_gnolls
D:3:      layout_basic, tso_metal_star, minmay_fountain_box
D:4:      layout_rooms, small_statue_alley_b, uniq_pikel, uniq_edmund
D:5:      layout_basic, cheibrodos_sewer_entry_sluice

Notes
Turn   | Place    | Note
-------+----------+-------------------------------------------
     0 | D:1      | kae the Demonspawn Transmuter began the quest for the Orb.
     0 | D:1      | Reached XP level 1. HP: 15/15 MP: 3/3
     0 | D:1      | magus.rc [v1.11.3]
   242 | D:1      | Reached skill level 2 in Transmutations
   260 | D:1      | Gained mutation: You are partially covered in large bone
                  | plates. (SH +4) [demonic ancestry]
   260 | D:1      | Reached XP level 2. HP: 18/21 MP: 3/5
   439 | D:1      | Found a faded altar of an unknown god.
   451 | D:1      | Got Plato's Cyclopedia of the Lungs
   478 | D:1      | Learned a level 2 spell: Wereblood
   732 | D:2      | Reached skill level 3 in Unarmed Combat
   732 | D:2      | Reached XP level 3. HP: 13/26 MP: 6/6
   808 | D:2      | Learned a level 3 spell: Spider Form
  1320 | D:2      | Reached skill level 1 in Poison Magic
  1440 | D:2      | HP: 8/39 [adder (3)]
  1444 | D:2      | Reached skill level 3 in Transmutations
  1444 | D:2      | Gained mutation: You have a small tail. [demonic ancestry]
  1444 | D:2      | Reached XP level 4. HP: 9/32 MP: 5/7
  1445 | D:2      | HP: 8/48 [poisoned by an adder]
  1448 | D:2      | HP: 3/32 [poisoned by an adder]
  2289 | D:3      | You pick up a book of the Hunter and begin reading...
  2289 | D:3      | You add the spells Call Canine Familiar, Portal Projectile
                  | and Leda's Liquefaction to your library.
  2402 | D:3      | Reached XP level 5. HP: 27/37 MP: 5/9
  2960 | D:3      | Reached skill level 2 in Poison Magic
  3041 | D:4      | You pick up a book of Weapons and begin reading...
  3041 | D:4      | You add the spells Tukima's Dance and Blade Hands to your
                  | library.
  3082 | D:4      | Noticed an ogre
  3157 | D:4      | Noticed a black bear
  3175 | D:3      | HP: 7/37 [hound (4)]
  3180 | D:3      | HP: 3/37 [hound (4)]
  3185 | D:3      | Reached skill level 3 in Spellcasting
  3349 | D:4      | Learned a level 4 spell: Ice Form
  3506 | D:3      | Reached skill level 4 in Transmutations
  3506 | D:3      | Gained mutation: You are mostly covered in large bone
                  | plates. (SH +6) [demonic ancestry]
  3506 | D:3      | Reached XP level 6. HP: 35/43 MP: 6/10
  3597 | D:4      | Reached skill level 1 in Ice Magic
  3634 | D:4      | Noticed Edmund
  3652 | D:4      | Killed Edmund
  3653 | D:4      | Reached skill level 4 in Unarmed Combat
  3660 | D:4      | Gained mutation: You are completely covered in large bone
                  | plates. (SH +8) [demonic ancestry]
  3660 | D:4      | Reached XP level 7. HP: 20/48 MP: 3/12
  4149 | D:4      | Reached skill level 2 in Ice Magic
  4213 | D:4      | Noticed Pikel
  4222 | D:4      | Killed Pikel
  4223 | D:4      | Reached skill level 4 in Spellcasting
  4223 | D:4      | Reached skill level 5 in Transmutations
  4223 | D:4      | Reached skill level 3 in Ice Magic
  4223 | D:4      | Reached XP level 8. HP: 54/54 MP: 5/14
  4449 | D:4      | Learned a level 5 spell: Blade Hands
  4465 | D:5      | Entered Level 5 of the Dungeon
  4666 | D:5      | HP: 12/64 [kobold brigand/+0 club (6)]
  4669 | D:5      | Reached skill level 4 in Ice Magic
  4670 | D:5      | HP: 4/64 [kobold/+0 whip (2)]
  4671 | D:5      | Slain by an orc wizard

Vanquished Creatures
  Pikel (D:4)
  Edmund (D:4)
  A black bear (D:4)
  An ice beast (D:5)
  An ogre (D:4)
  4 lemures (D:4)
  A kobold brigand (D:5)
  2 hounds (D:3)
  2 iguanas
  An orc wizard (D:4)
  10 adders
  4 gnolls (D:2)
  An ufetubus (D:4)
  3 worms
  4 dart slugs
  10 orcs
  3 bats (D:3)
  8 endoplasms
  3 giant cockroaches
  2 goblins (D:3)
  6 hobgoblins
  4 quokkas
  7 ball pythons
  A frilled lizard (D:2)
  6 kobolds
  2 rats
89 creatures vanquished.

Table legend:
 A = Non-vault XP
 B = Vault XP
 C = Vault XP percentage of total XP
 D = Non-vault monster count
 E = Vault monster count
 F = Vault count percentage of total count
                 A         B        C        D         E       F
            +---------+---------+-------+---------+---------+-------
      Total |     956 |     847 |  47.0 |      79 |       6 |   7.1
            +---------+---------+-------+---------+---------+-------
        D:1 |      27 |       0 |   0.0 |      14 |       0 |   0.0
        D:2 |      67 |      57 |  46.0 |      12 |       4 |  25.0
        D:3 |     208 |       0 |   0.0 |      25 |       0 |   0.0
        D:4 |     370 |     790 |  68.1 |      18 |       2 |  10.0
        D:5 |     284 |       0 |   0.0 |      10 |       0 |   0.0
            +---------+---------+-------+---------+---------+-------

Skill      XL: |  1  2  3  4  5  6  7  8 |
---------------+-------------------------+-----
Transmutations | 2 3 4 5 |  5.9
Unarmed Combat | 3 4 |  4.8
Poison Magic   | 1 2 |  2.0
Spellcasting   | 3 4 |  4.0
Ice Magic      | 1 3 4 |  4.0
Fighting       | |  1.0
Dodging        | |  1.7

Action                     |  1- 3 |  4- 6 |  7- 9 || total
---------------------------+-------+-------+-------++-------
  Melee: Unarmed           |    85 |   150 |    68 ||   303
         Headbutt          |    15 |     5 |       ||    20
         Kick              |    16 |    16 |       ||    32
         Tailslap          |       |     7 |     1 ||     8
         Punch             |       |     2 |       ||     2
   Cast: Beastly Appendage |    18 |    16 |       ||    34
         Spider Form       |     1 |    13 |     5 ||    19
         Wereblood         |       |     2 |     4 ||     6
         Ice Form          |       |     1 |     4 ||     5
Ability: End Transformatio |       |       |     1 ||     1
    Use: Scroll            |     5 |     4 |     3 ||    12
         Potion            |     2 |       |     1 ||     3
   Stab: Invisible         |       |       |     1 ||     1
 Armour: Robe              |    14 |    20 |     1 ||    35
         Skin              |     1 |     6 |    22 ||    29
  Dodge: Dodged            |    46 |   101 |    45 ||   192
  Block: Other             |     6 |     9 |     3 ||    18

Illustrated notes

Table legend:
 A = Kills in this place as a percentage of kills in the entire game.
 B = Kills by you in this place as a percentage of kills by you in the entire game.
 C = Kills by friends in this place as a percentage of kills by friends in the entire game.
 D = Other kills in this place as a percentage of other kills in the entire game.
 E = Experience gained in this place as a percentage of experience gained in the entire game.
 F = Experience gained in this place divided by the number of levels of this place that you have seen.
                   A       B       C       D       E      F
               +-------+-------+-------+-------+-------+----------------------
         Total | 100.0 | 100.0 |   N/A |   N/A | 100.0 | 360.6
       Dungeon | 100.0 | 100.0 |   N/A |   N/A | 100.0 | 360.6
               +-------+-------+-------+-------+-------+----------------------

Table legend: (Time is in decaauts)
 A = Elapsed time spent in this place.
 B = Non-inter-level travel time spent in this place.
 C = Inter-level travel time spent in this place.
 D = Time resting spent in this place.
 E = Time spent auto-exploring this place.
 F = Levels seen in this place.
 G = Mean time per level.
                   A        B        C        D        E       F      G
               +--------+--------+--------+--------+--------+-----+--------+
         Total |   4656 |   4500 |    156 |    261 |   3340 |   5 |  931.2 |
       Dungeon |   4656 |   4500 |    156 |    261 |   3340 |   5 |  931.2 |
               +--------+--------+--------+--------+--------+-----+--------+

Top non-repeatable levels by time:
     D:3: 1461 daAuts
     D:2: 1228 daAuts
     D:4: 1066 daAuts
     D:1: 697 daAuts
     D:5: 203 daAuts
